 Dungeon Crawl Stone Soup version 0.20-a0-848-g73d9be0 (webtiles) character file.

7669 krabocopter the Fighter (level 10, -2/87 HPs)
             Began as a Demonspawn Gladiator on Mar 9, 2017.
             Slain by a spiny frog (15 damage)
             ... on level 10 of the Dungeon.
             The game lasted 00:31:41 (9880 turns).

krabocopter the Fighter (Demonspawn Gladiator)      Turns: 9880, Time: 00:31:42

Health: -2/87      AC: 13    Str: 16    XL:     10   Next: 99%
Magic:  10/10      EV: 22    Int:  9    God:
Gold:   783        SH:  0    Dex: 24    Spells: 6/9 levels left

rFire    + . .     SeeInvis .   k - +1 short sword (flame)
rCold    . . .     Gourm    .   D - +4 ring mail "Weiwawot" {rF+}
rNeg     + . .     Faith    .   (no shield)
rPois    .         Spirit   .   (helmet restricted)
rElec    .         Reflect  .   m - +1 cloak
rCorr    .         Harm     .   (no gloves)
MR       .....                  (no boots)
Stlth    ++........             O - amulet of regeneration (curse)
Regen    0.7/turn               B - ring of positive energy
MPRegen  0.2/turn               (no ring)

@: agile
A: antennae 2, rugged brown scales 1, agile 1, demonic guardian 1, spiny 2,
MP-powered wands
a: no special abilities


You were on level 10 of the Dungeon.
You were not hungry.

You visited 3 branches of the dungeon, and saw 12 of its levels.
You also visited: Ossuary.

You collected 783 gold pieces.

Inventory:

Hand Weapons
 a - a +0 long sword
 k - a +1 short sword of flaming (weapon)
 y - a +0 blowgun
Missiles
 d - 3 throwing nets (quivered)
 w - 94 poisoned needles
Armour
 m - a +1 cloak (worn)
 D - the +4 ring mail "Weiwawot" (worn) {rF+}
   (You found it on level 5 of the Dungeon)

   It protects you from fire.
Jewellery
 v - an uncursed ring of ice
 B - a ring of positive energy (right hand)
 O - a cursed amulet of regeneration (around neck)
Wands
 A - a wand of disintegration (18/24)
 J - a wand of acid (4/15)
Scrolls
 e - 3 scrolls of amnesia
 g - a scroll of enchant armour
 h - 3 scrolls of magic mapping
 j - a scroll of identify
 p - a scroll of immolation
 q - a scroll of random uselessness {unknown}
 r - a scroll of noise {unknown}
 s - 4 scrolls of remove curse
 x - 7 scrolls of teleportation
 E - a scroll of recharging {unknown}
 F - a scroll of fog
 G - a scroll of enchant weapon {unknown}
 R - a scroll of blinking {unknown}
 T - a scroll of acquirement {unknown}
Potions
 i - a potion of degeneration {unknown}
 o - a potion of magic {unknown}
 t - a potion of might {unknown}
 z - 2 potions of cancellation {unknown}
 H - a potion of heal wounds
 I - 3 potions of curing
 L - a potion of flight
 N - a potion of invisibility {unknown}
 P - a potion of experience {unknown}
 Q - a potion of brilliance
Books
 M - a book of Misfortune

   Spells                             Type                      Level
   a - Confusing Touch                Hexes                        1
   b - Confuse                        Hexes                        3
   c - Gell's Gravitas                Translocation                3
   d - Petrify                        Transmutation/Earth          4
   e - Metabolic Englaciation         Hexes/Ice                    5
   f - Yara's Violent Unravelling     Hexes/Transmutation          5
Comestibles
 c - 4 fruits
 f - 10 bread rations
 l - 6 meat rations
 u - 4 royal jellies


   Skills:
 + Level 10.2 Fighting
 - Level 9.2 Long Blades
 - Level 1.7 Throwing
 - Level 6.1 Armour
 + Level 7.1 Dodging


You had 6 spell levels left.
You knew the following spells:

 Your Spells              Type           Power        Failure   Level  Hunger
a - Confuse               Hex            #.......     99%         3    ####...


Dungeon Overview and Level Annotations

Branches:
Dungeon (10/15)            Temple (1/1) D:4            Lair (1/6) D:10
    Orc (0/2) D:9

Altars:
Ashenzari
Cheibriados
Dithmenos
Elyvilon
Fedhas
Gozag
Hepliaklqana
Kikubaaqudgha
Makhleb
Nemelex Xobeh
Okawaru
Qazlal
Ru
Sif Muna
Trog
Uskayaw
Vehumet
Wu Jian
Xom
Yredelemnul
Zin
The Shining One

Shops:
D:6 *   D:9 }   D:10 =

Annotations:
D:6 Grinder
D:8 Alarkh's ghost, novice DsFi


Innate Abilities, Weirdness & Mutations

You have a pair of antennae on your head.
You are partially covered in rugged brown scales. (AC +1, +3% HP)
A weak demonic guardian rushes to your aid.
You are mostly covered in sharp spines.
You are agile. (Dex +2)
You expend magic power (3 MP) to strengthen your wands.


Message History

You hit the spiny frog. You burn the spiny frog.
The spiny frog is struck by your spines.
The spiny frog misses you.
The spiny frog is struck by your spines.
The spiny frog barely misses you.
You hit the spiny frog but do no damage.
The spiny frog is struck by your spines.
The spiny frog misses you. The spiny frog closely misses you.
You hit the spiny frog but do no damage.
The spiny frog closely misses you. The spiny frog misses you.
You barely miss the spiny frog. The spiny frog completely misses you.
Your white imp gestures at the spiny frog.
The puff of frost hits the spiny frog.
The spiny frog is struck by your spines.
The spiny frog stings you!
* * * LOW HITPOINT WARNING * * *
You take 14 damage, and have 12/87 hp.
You closely miss the spiny frog. The spiny frog stings your white imp.
Your white imp misses the spiny frog.
The spiny frog stings you!
You die...

##..........<........# #..# #..#
.....................# #..# #..#
.....................###..# #..#
#.........................###..#
#.........####.....####........##
#.........##.........##..........
#.........#...........##.......##
#..............[F5.....#.......#
#...............@..............#
#..#####.#.......F.............#
#..# #.##...........##.......#
#..# #.###.........###.......#
#..# #.# ###.....### #.......#
#..# #.# #..##.#...###.......##
...#####.###.....................
.................................
#################################


You could see 2 spiny frogs and a friendly white imp.

Vanquished Creatures
  A two-headed ogre (D:10)
  Psyche (D:9)
  A hippogriff (D:7)
  Sigmund (D:5)
  A human (D:7)
  Eustachio (D:5)
  3 wyverns
  A yak (D:7)
  3 hogs (D:7)
  A steam dragon (D:10)
  2 wargs (D:10)
  A hungry ghost (D:8)
  Edmund (D:5)
  Duvessa (D:6)
  4 ice beasts
  4 orc warriors
  3 ogres
  3 centaurs
  A bullfrog (D:8)
  Dowan (D:6)
  2 scorpions
  15 killer bees
  A vampire bat (D:5)
  6 howler monkeys
  4 crimson imps (D:3)
  2 bullfrog zombies (D:5)
  2 centaur zombies
  A quasit (D:9)
  3 orc priests
  6 hounds
  Crazy Yiuf (D:5)
  A jelly (D:8)
  6 iguanas
  8 orc wizards
  8 worker ants
  2 hound skeletons
  8 mummies (Ossuary)
  A worker ant zombie (D:5)
  11 adders
  3 shadow imps
  An ooze (D:5)
  An adder skeleton (D:8)
  5 worms
  3 dart slugs
  4 leopard geckos
  42 orcs
  2 ball pythons (D:1)
  6 giant cockroaches
  2 gnoll zombies (Ossuary)
  7 goblins
  8 hobgoblins
  7 jackals
  9 kobolds
  3 quokkas
  12 bats
  2 frilled lizards (D:2)
  4 hobgoblin zombies (Ossuary)
  A jackal zombie (D:8)
  2 kobold zombies (Ossuary)
  A leopard gecko skeleton (D:4)
  A leopard gecko zombie (D:7)
  5 rats
254 creatures vanquished.

Vanquished Creatures (collateral kills)
  A two-headed ogre (D:8)
  An ice beast (D:10)
  A bullfrog (Lair:1)
  A killer bee (D:8)
  An orc wizard (D:8)
  An orc (D:10)
6 creatures vanquished.

Vanquished Creatures (others)
  An orc wizard (D:5)
1 creature vanquished.

Grand Total: 261 creatures vanquished

Notes
Turn   | Place    | Note
-------+----------+-------------------------------------------
     0 | D:1      | krabocopter the Demonspawn Gladiator began the quest for the Orb.
     0 | D:1      | Reached XP level 1. HP: 16/16 MP: 1/1
    71 | D:1      | Gained mutation: You are partially covered in sharp spines. [demonic ancestry]
    71 | D:1      | Reached XP level 2. HP: 17/22 MP: 2/2
  1180 | D:2      | Reached XP level 3. HP: 28/28 MP: 3/3
  1315 | D:2      | Reached skill level 3 in Fighting
  1808 | D:3      | Found a burning altar of Makhleb.
  1866 | D:3      | Found an ancient bone altar of Kikubaaqudgha.
  1873 | D:3      | Found a sacrificial altar of Ru.
  1876 | D:3      | Found a hazy altar of Hepliaklqana.
  1933 | D:3      | Found a shimmering altar of Xom.
  1992 | D:3      | Reached skill level 4 in Fighting
  1992 | D:3      | Gained mutation: You are mostly covered in sharp spines. [demonic ancestry]
  1992 | D:3      | Reached XP level 4. HP: 21/37 MP: 4/4
  2375 | D:3      | Gained mutation: You have a pair of small antennae on your head. [demonic ancestry]
  2375 | D:3      | Reached XP level 5. HP: 36/43 MP: 5/5
  2564 | D:2      | Reached skill level 5 in Fighting
  3247 | D:3      | Found a stormy altar of Qazlal.
  3443 | D:4      | Reached skill level 6 in Fighting
  3443 | D:4      | Reached XP level 6. HP: 31/52 MP: 6/6
  3780 | D:4      | Found a staircase to the Ecumenical Temple.
  3842 | Temple   | Entered the Ecumenical Temple
  4372 | D:5      | Entered Level 5 of the Dungeon
  4427 | D:5      | Noticed Edmund
  4447 | D:5      | Killed Edmund
  4447 | D:5      | Reached skill level 1 in Armour
  4447 | D:5      | Gained mutation: A weak demonic guardian rushes to your aid. [demonic ancestry]
  4447 | D:5      | Reached XP level 7. HP: 39/59 MP: 7/7
  4453 | D:5      | Reached skill level 7 in Fighting
  4682 | D:5      | Noticed Eustachio
  4695 | D:5      | Killed Eustachio
  4743 | D:5      | Got a dazzling ring mail
  4754 | D:5      | Identified the +4 ring mail "Weiwawot" {rF+} (You found it on level 5 of the Dungeon)
  4855 | D:5      | Reached XP level 8. HP: 61/67 MP: 8/8
  5021 | D:5      | Noticed Sigmund
  5029 | D:5      | Killed Sigmund
  5097 | D:5      | Reached skill level 5 in Dodging
  5299 | D:5      | Found a runed door.
  5397 | D:5      | Noticed Crazy Yiuf
  5403 | D:5      | Killed Crazy Yiuf
  5621 | D:6      | Found Oluhas's Assorted Antiques.
  5760 | D:6      | Noticed Dowan
  5761 | D:6      | Noticed Duvessa
  5776 | D:6      | Killed Duvessa
  5781 | D:6      | Killed Dowan
  5819 | D:6      | Noticed Grinder
  5895 | D:7      | Found a sand-covered staircase.
  5903 | Ossuary  | Entered an ossuary
  6602 | D:7      | Found a radiant altar of Vehumet.
  6623 | D:7      | Noticed a hippogriff
  6632 | D:7      | Killed a hippogriff
  6632 | D:7      | Reached skill level 5 in Long Blades
  6632 | D:7      | Gained mutation: You have a pair of antennae on your head. [demonic ancestry]
  6632 | D:7      | Reached XP level 9. HP: 67/72 MP: 9/9
  6896 | D:7      | Reached skill level 5 in Armour
  7321 | D:8      | HP: 3/72 [orc warrior/trident (13)]
  7450 | D:8      | Noticed a two-headed ogre
  7671 | D:8      | Reached skill level 8 in Fighting
  7791 | D:8      | Gained mutation: You are partially covered in rugged brown scales. (AC +1, +3% HP) [demonic ancestry]
  7791 | D:8      | Reached XP level 10. HP: 61/82 MP: 10/10
  7818 | D:8      | Killed a two-headed ogre
  7960 | D:8      | Noticed a two-headed ogre
  7960 | D:8      | Noticed Alarkh's ghost (novice DsFi)
  8218 | D:9      | Found Siagidol's Gadget Shoppe.
  8303 | D:9      | Found a staircase to the Orcish Mines.
  8368 | D:9      | Found a sparkling altar of Nemelex Xobeh.
  8380 | D:9      | Noticed Psyche
  8392 | D:9      | Killed Psyche
  8428 | D:9      | Reached skill level 9 in Fighting
  8487 | D:9      | Learned a level 3 spell: Confuse
  8618 | D:9      | Gained mutation: You tend to lose your temper in combat. [potion of mutation]
  8618 | D:9      | Gained mutation: You expend magic power (3 MP) to strengthen your wands. [potion of mutation]
  8618 | D:9      | Lost mutation: You tend to lose your temper in combat. [potion of mutation]
  8618 | D:9      | Gained mutation: You are agile. (Dex +2) [potion of mutation]
  8782 | D:9      | You fall through a shaft!
  8782 | D:10     | Entered Level 10 of the Dungeon
  8786 | D:10     | Found Ymithral's Jewellery Boutique.
  8828 | D:10     | Noticed a two-headed ogre
  8976 | D:10     | Killed a two-headed ogre
  9269 | D:10     | Reached skill level 10 in Fighting
  9433 | D:10     | Found a staircase to the Lair.
  9766 | Lair:1   | Entered Level 1 of the Lair of Beasts
  9831 | Lair:1   | Noticed a spiny frog
  9843 | Lair:1   | Noticed a spiny frog
  9880 | D:10     | Slain by a spiny frog

Vault maps used:
D:1:      lemuel_arrival_river_passageway, serial_co_window_serial,
          co_window_corner_a, co_window_paths_b, co_window_corner_a,
          co_window_corner_a, co_window_paths_b, co_window_2corner,
          co_window_cross_2, co_window_of_opportunity_b, co_window_paths_c,
          glass_columns_c, glass_columns_c, glass_columns_c, glass_columns_c,
          glass_columns_a
D:3:      overflow_temple_1_default, grunt_temple_overflow_diamond,
          grunt_qazlal_sundering, first_bread, led_xom_imps
D:4:      minmay_temple_entry_crystal_x, minivault_4, st_stairs_11, bh_chokoban
D:5:      roderic_batcave, minmay_crystal_room, uniq_sigmund,
          uniq_crazy_yiuf_cottage, uniq_edmund, uniq_eustachio
D:6:      serial_shops, shop_fountains, grunt_ministairs_1,
          minmay_misc_feat_four_crosses, interstate_on_off, eino_tiny_chamber,
          uniq_duvessa, uniq_grinder
D:7:      chequers_ossuary_entry_cave, grunt_livestock, vehumet_altar_wand_db
D:8:      special_room, serial_shops, shop
D:9:      nemelex_xobeh_ov_fountains_minmay, orc_0_dummy, serial_shops,
          nicolae_shop_behind_doors, uniq_psyche
D:10:     erik_lair_orcish_takeover, serial_shops, shop
Temple:   regret_index_temple_sphere_string
Lair:1:   beast_lair_carwin_large_2, worms_lemuel
Ossuary:  ossuary_tomb_3

Skill      XL: |  1  2  3  4  5  6  7  8  9 10 |
---------------+-------------------------------+-----
Long Blades    | 3 5 6 9 |  9.2
Fighting       | 4 6 7 8 10 | 10.2
Dodging        | 3 4 5 7 |  7.1
Armour         | 1 2 4 6 |  6.1
Throwing       | |  1.7

Action                   |  1- 3 |  4- 6 |  7- 9 | 10-12 || total
-------------------------+-------+-------+-------+-------++-------
Melee: Long sword        |    20 |       |       |       ||    20
       Short sword       |   104 |   146 |   404 |   198 ||   852
Evoke: Wand              |       |       |     5 |     3 ||     8
  Use: Scroll            |     4 |       |     7 |     3 ||    14
       Potion            |       |     1 |     6 |     4 ||    11
 Stab: Sleeping          |     1 |       |       |     1 ||     2
       Distracted        |       |       |     1 |     1 ||     2
  Eat: Chunk             |     3 |     6 |    13 |     6 ||    28
       Royal jelly       |       |     1 |       |       ||     1
Armor: Leather armour    |    44 |    20 |       |       ||    64
       Scale mail        |       |     4 |    21 |       ||    25
       Ring mail         |       |       |   108 |    66 ||   174
Dodge: Dodged            |    82 |    75 |   228 |   169 ||   554
       Rpst.: Long sword |     5 |       |       |       ||     5
